 Dungeon Crawl Stone Soup version 0.16.2-12-gd0ad4c3 (webtiles) character file.

506 4thArraOfDagon the Chopper (level 6, 35/57 HPs)
             Began as a Deep Dwarf Fighter on Aug 5, 2016.
             Quit the game on level 5 of the Dungeon.
             The game lasted 00:04:52 (1081 turns).

4thArraOfDagon the Chopper (Deep Dwarf Fighter)     Turns: 1081, Time: 00:04:52

Health: 35/57      AC:  7    Str: 21    XL:     6   Next: 97%
Magic:  8/8        EV:  7    Int:  9    God:
Gold:   80         SH:  9    Dex: 12    Spells: 0 memorised, 5 levels left

rFire  . . .     SeeInvis .     n - +1 broad axe
rCold  . . .     Clarity  .     b - +0 scale mail
rNeg   . . .     SustAb   .     c - +0 shield
rPois  .         Gourm    .     (no helmet)
rElec  .         Spirit   .     (no cloak)
rCorr  .         Warding  .     (no gloves)
rMut   .         Stasis   .     (no boots)
MR     .....                    (no amulet)
Stlth  ..........               (no ring)
                                (no ring)

@: non-regenerating, not resistant to hostile enchantments, extremely unstealthy
A: damage resistance, recharge devices, sense surroundings 1, slow healing 3
a: Device Recharging


You were on level 5 of the Dungeon.
You were very hungry.

You visited 1 branch of the dungeon, and saw 6 of its levels.
You also visited: Ossuary.

You collected 95 gold pieces.
You spent 15 gold pieces at shops.

Inventory:

Hand weapons
 a - a +0 war axe
 n - a +1 broad axe (weapon)
Armour
 b - a +0 scale mail (worn)
 c - a +0 shield (worn)
Magical devices
 d - a wand of heal wounds (2)
 t - a wand of random effects (28)
 u - a wand of paralysis (6)
Scrolls
 m - 2 scrolls of remove curse
 r - a scroll of amnesia
 s - a scroll of teleportation
Potions
 e - 3 potions of might
 h - a potion of heal wounds {unknown}
 i - a potion of beneficial mutation {unknown}
 j - a potion of poison
 k - 2 potions of restore abilities {unknown}
 l - a potion of magic {unknown}
 o - 2 potions of curing {unknown}
 p - 2 potions of brilliance {unknown}
 q - a potion of agility {unknown}
Comestibles
 f - 2 bread rations
 g - a meat ration


   Skills:
 + Level 3.9 Fighting
 * Level 5.9 Axes
 + Level 4.7 Armour
 - Level 3.2 Shields
 + Level 3.7 Evocations


You had 5 spell levels left.
You didn't know any spells.

Dungeon Overview and Level Annotations

Branches:
Dungeon (6/15)
 Temple: D:4-7

Altars:
Gozag

Shops:
D:5 !


Innate Abilities, Weirdness & Mutations

You are resistant to damage.
You can recharge devices by infusing magical energy.
You passively map a small area around you.
You do not heal naturally.


Message History

The crimson imp completely misses you.
You slash the crimson imp!
The crimson imp is almost dead.
You block the crimson imp's attack. The crimson imp misses you.
You closely miss the crimson imp.
The crimson imp is severely wounded.
You block the crimson imp's attack.
You slash the crimson imp!
You kill the crimson imp!
No target in view!
(D) Dungeon
Where to? (Enter - D:6, ? - help)
A kobold comes into view.
The kobold shouts!
There is a stone staircase leading up here.
You climb upwards.
There is a stone staircase leading down here.
Unknown command.
There is a stone staircase leading down here.
Are you sure you want to abandon this character and quit the game? (Confirm with "yes".)

#P.P...# #.......... ,*
#####..# #......... * #..#
#......... , ,* #.##
##.......# *#.# #.....### *
,#.# #.....# #.# ##..##.#
#.# ##...##.# , #@#
##...###[#* ,
#.##*##....###..
#...##......##.. # * ,,*
*#...#.......[#..## *,
,,#..#............## *
,#.#......)...... # ,
#...##...)..... #
#..###..........#
#..########.####...........#


There were no monsters in sight!

Vanquished Creatures
  An orc warrior (D:6)
  2 water moccasin zombies (Ossuary)
  A crimson imp (D:6)
  A giant frog skeleton (D:6)
  An orc priest (D:6)
  An iguana (D:6)
  A worker ant (D:6)
  4 big kobold zombies (Ossuary)
  2 mummies (Ossuary)
  A hound skeleton (D:6)
  5 adder zombies (Ossuary)
  An ooze (D:2)
  3 orcs (D:6)
  A bat skeleton (D:5)
  4 jackals
  A quokka (D:5)
  A bat (D:5)
  2 giant cockroaches
  A giant gecko skeleton (D:5)
  2 gnoll zombies (Ossuary)
  5 hobgoblin zombies (Ossuary)
  A jackal zombie (D:5)
  5 kobold zombies (Ossuary)
  6 orc zombies (Ossuary)
  A quokka zombie (D:5)
  2 rats (D:6)
  A rat zombie (D:5)
57 creatures vanquished.

Notes
Turn   | Place    | Note
--------------------------------------------------------------
     0 | D:1      | 4thArraOfDagon, the Deep Dwarf Fighter, began the quest for the Orb.
     0 | D:1      | Reached XP level 1. HP: 20/20 MP: 1/1
   177 | D:3      | Found an opulent altar of Gozag.
   217 | D:4      | Noticed a worker ant
   226 | D:5      | Entered Level 5 of the Dungeon
   242 | D:6      | Noticed a worker ant
   256 | D:6      | Killed a worker ant
   256 | D:6      | Reached XP level 2. HP: 13/27 MP: 2/2
   262 | D:5      | Found Ubashrequu's Distillery.
   271 | D:5      | Bought a potion of poison for 15 gold pieces
   307 | D:5      | Found a sand-covered staircase.
   318 | Ossuary  | Entered an ossuary
   325 | Ossuary  | Reached XP level 3. HP: 15/33 MP: 3/3
   368 | Ossuary  | Reached skill level 4 in Axes
   368 | Ossuary  | Reached skill level 1 in Evocations
   368 | Ossuary  | Reached XP level 4. HP: 25/42 MP: 4/4
   428 | Ossuary  | Noticed a water moccasin zombie
   428 | Ossuary  | Noticed a water moccasin zombie
   449 | Ossuary  | Killed a water moccasin zombie
   449 | Ossuary  | Reached XP level 5. HP: 28/49 MP: 6/6
   463 | Ossuary  | Killed a water moccasin zombie
   492 | Ossuary  | Reached skill level 5 in Axes
   536 | Ossuary  | Reached XP level 6. HP: 27/56 MP: 8/8
   706 | D:5      | Noticed a centaur
   790 | D:6      | Noticed a giant frog skeleton
   791 | D:6      | Noticed an orc priest
   793 | D:6      | Noticed an orc warrior
   794 | D:6      | Killed a giant frog skeleton
   799 | D:6      | Killed an orc priest
   811 | D:6      | Killed an orc warrior
   837 | D:6      | Noticed an iguana
   848 | D:6      | Killed an iguana
  1045 | D:6      | Noticed a crimson imp
  1052 | D:6      | Killed a crimson imp
  1081 | D:5      | Quit the game

Action                   |  1- 3 |  4- 6 || total
-------------------------+-------+-------++-------
Melee: War axe           |    56 |   113 ||   169
       Broad axe         |       |    48 ||    48
 Abil: Device Recharging |       |     1 ||     1
Evoke: Wand              |     1 |     5 ||     6
  Use: Scroll            |       |     4 ||     4
